 Dungeon Crawl Stone Soup version 0.20.1-1-g8b1a95d (webtiles) character file.

49 taat the Ducker (level 3, -2/29 HPs)
             Began as a Demonspawn Gladiator on Nov 18, 2017.
             Slain by an adder (4 damage)
             ... on level 2 of the Dungeon.
             The game lasted 00:04:18 (1416 turns).

taat the Ducker (Demonspawn Gladiator)              Turns: 1416, Time: 00:04:19

Health: -2/29      AC:  6    Str: 15    XL:     3   Next: 51%
Magic:  3/3        EV: 13    Int:  9    God:
Gold:   77         SH:  0    Dex: 14    Spells: 2/2 levels left

rFire    . . .     SeeInvis .   a - +1 war axe
rCold    . . .     Gourm    .   (no shield)
rNeg     . . .     Faith    .   b - +0 leather armour
rPois    .         Spirit   .   (helmet restricted)
rElec    .         Reflect  .   l - +0 cloak
rCorr    +         Harm     .   (no gloves)
MR       .....     Rnd*Tele +   (no boots)
Stlth    +.........             (no amulet)
Regen    0.1/turn               e - ring of teleportation (curse)
MPRegen  0.1/turn               h - ring of resist corrosion

@: no status effects
A: horns 1, iridescent scales 1
a: no special abilities


You were on level 2 of the Dungeon.
You were not hungry.

You visited 1 branch of the dungeon, and saw 2 of its levels.

You collected 77 gold pieces.

Inventory:

Hand Weapons
 a - a +1 war axe (weapon)
Missiles
 d - 3 throwing nets (quivered)
Armour
 b - a +0 leather armour (worn)
 c - a +0 helmet
 l - a +0 cloak (worn)
Jewellery
 e - a cursed ring of teleportation (left hand)
 h - a ring of resist corrosion (right hand)
Scrolls
 k - a scroll of identify
Comestibles
 f - 2 bread rations
 g - a royal jelly
 i - 2 chunks of flesh
 j - a meat ration


   Skills:
 + Level 3.0 Fighting
 + Level 3.0 Axes
 - Level 1.7 Throwing
 + Level 3.2 Dodging


You had 2 spell levels left.
You didn't know any spells.

Dungeon Overview and Level Annotations

Branches:
Dungeon (2/15)

Altars:


Innate Abilities, Weirdness & Mutations

You have a pair of small horns on your head.
You are partially covered in iridescent scales. (AC +2)


Message History

You have reached level 3!
Your experience leads to an increase in your attributes!
Increase (S)trength, (I)ntelligence, or (D)exterity?
You feel stronger.
Your demonic ancestry asserts itself...
A pair of horns grows on your head!
Your +0 helmet falls away!
An adder comes into view.
The adder hisses angrily.
Found a stone staircase leading down.
Items here: ) ? [ † a hand axe of electrocution; a scale mail; a scroll of identify the human corpse of Terence
Found a ring mail.
You closely miss the adder. The adder bites you but does no damage.
You closely miss the adder. The adder bites you but does no damage.
The adder closely misses you.
You slash the adder!
The adder is almost dead.
The adder barely misses you. The adder bites you.
You die...

#.........# # .
[.####.#.>........##.# #.
..##..#.....................
.........>...........##.#.#.
#.##................#......
#................÷..##.#.##
## ##................#......#
...#...................#(#.#.
#.........S@...........<...#
##..................##.#(#.#.
.......)............###......
###.##...............###.#.#.
# ##...........#.........#
##.......##.###..#.#.#.
###.....#..............#
......##..###......#.#.#.
###...........#.........#


You could see an adder.

Vanquished Creatures
  Terence (D:2)
  An ooze (D:1)
  A ball python (D:2)
  3 bats
  2 hobgoblins
  6 jackals
  A frilled lizard (D:2)
  3 kobolds
  A rat (D:1)
19 creatures vanquished.

Notes
Turn   | Place    | Note
-------+----------+-------------------------------------------
     0 | D:1      | taat the Demonspawn Gladiator began the quest for the Orb.
     0 | D:1      | Reached XP level 1. HP: 16/16 MP: 1/1
   793 | D:1      | Gained mutation: You are partially covered in iridescent scales. (AC +2) [demonic ancestry]
   793 | D:1      | Reached XP level 2. HP: 23/23 MP: 2/2
  1292 | D:2      | Noticed Terence
  1406 | D:2      | HP: 1/23 [Terence/hand axe of electrocution (6)]
  1407 | D:2      | Killed Terence
  1407 | D:2      | Gained mutation: You have a pair of small horns on your head. [demonic ancestry]
  1407 | D:2      | Reached XP level 3. HP: 1/29 MP: 3/3
  1416 | D:2      | Slain by an adder

Skill      XL: |  1  2 |
---------------+-------+-----
Dodging        | 3 |  3.2
Fighting       | 3 |  3.0
Axes           | 3 |  3.0
Throwing       | |  1.7

Action                   || total
-------------------------++-------
Melee: War axe           ||    75
  Use: Scroll            ||     6
       Potion            ||     1
  Eat: Chunk             ||     2
Armor: Leather armour    ||    31
Dodge: Dodged            ||    67
